 Dungeon Sprint DCSS version 0.28.0-53-g5a82cb258f (webtiles) character file.

Game seed: 1254277915380548816

2651 Zeld the Severer (level 9, 0/97 HPs)
             Began as a Minotaur Berserker on May 29, 2022.
             Was a High Priest of Trog.
             Slain by a redback (5 damage)
             ... in the Dungeon (Sprint III: "The Ten Rune Challenge").
             The game lasted 00:02:18 (1612 turns).

Zeld the Severer (Minotaur Berserker)               Turns: 1612, Time: 00:02:18

Health: 0/97       AC:  4    Str: 25    XL:     9   Next: 36%
Magic:  8/8        EV: 15    Int:  4    God:    Trog [*****.]
Gold:   47         SH:  0    Dex: 11    Spells: 8/8 levels left

rFire   . . .      SeeInvis .   a - +0 hand axe
rCold   . . .      Faith    .   (no shield)
rNeg    . . .      Spirit   .   b - +0 animal skin
rPois   .          Reflect  .   (helmet restricted)
rElec   .          Harm     .   k - +0 cloak
rCorr   .          Rampage  .   (no gloves)
Will    ++...      NoTele   +   (no boots)
Stlth   +.........              (no amulet)
HPRegen 2.06/turn               (no ring)
MPRegen 0.11/turn               (no ring)

@: lethally poisoned (0 -> -50), strong-willed, regenerating
A: horns 2, retaliatory headbutt, regeneration 1
a: Renounce Religion, Berserk, Trog's Hand, Brothers in Arms


You were in the Dungeon.
You worshipped Trog.
Trog was extremely pleased with you.
You visited 1 branch You collected 47 gold pieces.

Inventory:

Hand Weapons
 a - a +0 hand axe (weapon)
Armour
 b - a +0 animal skin (worn)
 k - a +0 cloak (worn)
Wands
 i - a wand of polymorph (7)
 t - a wand of flame (18)
Scrolls
 h - a scroll of blinking
 l - a scroll of holy word {unknown}
 m - 2 scrolls of identify
 o - a scroll of immolation {unknown}
 p - a scroll of magic mapping {unknown}
Potions
 c - 4 potions of curing
 d - a potion of heal wounds
 e - a potion of haste
 f - 2 potions of magic
 g - a potion of berserk rage
 j - a potion of resistance
 n - a potion of attraction {unknown}
 q - a potion of flight {unknown}
 r - 6 potions of mutation
 s - a potion of might


   Skills:
 * Level 15.2 Fighting
 * Level 15.3 Axes
 + Level 11.0 Armour
 + Level 10.0 Dodging


You had 8 spell levels left.
You didn't know any spells.
Your spell library was empty.

Dungeon Overview and Level Annotations

Branches:
Dungeon (1/1)

Altars:
Cheibriados
Dithmenos
Elyvilon
Fedhas
Gozag
Hepliaklqana
Kikubaaqudgha
Makhleb
Nemelex Xobeh
Okawaru
Qazlal
Ru
Sif Muna
Trog
Uskayaw
Vehumet
Wu Jian
Xom
Yredelemnul
Zin
The Shining One
Beogh
Jiyva
Lugonu


Innate Abilities, Weirdness & Mutations

You have a pair of horns on your head.
You reflexively headbutt those who attack you in melee.
Your natural rate of healing is unusually fast.


Message History

You see here a +0 giant club.
You barely miss the redback. Your headbutt misses the redback.
The redback bites you!
Unknown command.
You hit the redback but do no damage. You headbutt the redback.
The redback is lightly wounded.
Unknown command.
You barely miss the redback. Your punch misses the redback.
The redback is lightly wounded.
The redback barely misses you.
Unknown command.
You hit the redback.
The redback is moderately wounded.
You hit the redback. The redback bites you! x2
Unknown command.
You slash the redback! Your headbutt misses the redback.
The redback is severely wounded.
You barely miss the redback. The redback bites you!
The redback bites you but does no damage.
Unknown command.
You are too injured to fight recklessly!
Unknown command.
You are too injured to fight recklessly!
Unknown command.
You are too injured to fight recklessly!
You are too injured to fight recklessly!
You slash the redback! Your headbutt misses the redback.
The redback is moderately wounded.
You slash the redback! The redback bites you!
You are lethally poisoned!
The redback poisons you! The redback bites you!
* * * LOW HITPOINT WARNING * * *
You are more poisoned.
The redback poisons you!
Your skin crawls.
You feel strong-willed.
* * * LOW HITPOINT WARNING * * *
You feel extremely sick. The redback bites you.
You die...

## .# .# '#
.#+#####################
.#....#.#.#.....#.^..^.+
.##.#..#.##.###.#.^^^..#
.'##)#.#.##.#.)##......#
.#..)#.)#).##..'@s^....#
▓▓▓▓▓▓▓▓▓▓▓▓▓▓▓#s......#
#.......# +.....^.#
#^...^^.# ##+######


You could see 2 redbacks.

Vanquished Creatures
  Erolcha (D)
  A deep elf pyromancer (D)
  A shadow (D)
  A spatial vortex (D)
  A necrophage (D)
  5 two-headed ogres (D)
  A water elemental (D)
  A jelly (D)
  Crazy Yiuf (D)
  A wizard (D)
  Jessica (D)
  A necromancer (D)
  A kobold demonologist (D)
  3 humans (D)
  2 endoplasms (D)
  A rat (D)
23 creatures vanquished.

Vanquished Creatures (others)
  A plant (D)
1 creature vanquished.

Grand Total: 24 creatures vanquished

Notes
Turn   | Place    | Note
-------+----------+-------------------------------------------
     0 | D        | Zeld the Minotaur Berserker began the quest for the Orb.
     0 | D        | Reached XP level 1. HP: 19/19 MP: 0/0
    77 | D        | Noticed Jessica
    80 | D        | Reached ** piety under Trog
    86 | D        | Killed Jessica
    87 | D        | Reached skill level 5 in Fighting
    87 | D        | Reached skill level 5 in Axes
    87 | D        | Reached XP level 2. HP: 29/29 MP: 1/1
    87 | D        | Reached XP level 3. HP: 36/36 MP: 2/2
   135 | D        | Noticed Crazy Yiuf
   538 | D        | Killed Crazy Yiuf
   539 | D        | Reached XP level 4. HP: 45/45 MP: 3/3
   601 | D        | Gained mutation: Your natural rate of healing is unusually
                  | fast. [potion of mutation]
   601 | D        | Gained mutation: You have a pair of large horns on your
                  | head. [potion of mutation]
   601 | D        | Lost mutation: You have a pair of large horns on your head.
                  | [potion of mutation]
   702 | D        | Noticed a water elemental
   705 | D        | Killed a water elemental
   705 | D        | Reached *** piety under Trog
   706 | D        | Reached skill level 5 in Armour
   752 | D        | Found a radiant altar of Vehumet.
   752 | D        | Found a shimmering blue altar of Sif Muna.
   752 | D        | Found an ancient bone altar of Kikubaaqudgha.
   752 | D        | Noticed a wizard
   758 | D        | Killed a wizard
   759 | D        | Reached skill level 5 in Dodging
   759 | D        | Reached XP level 5. HP: 53/53 MP: 4/4
   760 | D        | Noticed an ice devil
   769 | D        | Reached **** piety under Trog
   798 | D        | Found a hide-covered altar of Uskayaw.
   798 | D        | Found an iron altar of Okawaru.
   798 | D        | Found a bloodstained altar of Trog.
   798 | D        | Found an ornate altar of the Wu Jian Council.
   798 | D        | Noticed a human
   800 | D        | Noticed a human
   806 | D        | Killed a human
   807 | D        | Reached XP level 6. HP: 66/66 MP: 5/5
   814 | D        | Killed a human
   815 | D        | Reached skill level 10 in Fighting
   815 | D        | Reached skill level 10 in Axes
   902 | D        | Found a basalt altar of Yredelemnul.
   902 | D        | Found a shadowy altar of Dithmenos.
   902 | D        | Found a sacrificial altar of Ru.
   910 | D        | Reached XP level 7. HP: 60/74 MP: 6/6
   956 | D        | Found a glowing silver altar of Zin.
   956 | D        | Found a glowing golden altar of the Shining One.
   956 | D        | Found a white marble altar of Elyvilon.
   958 | D        | Noticed a deep elf pyromancer
   960 | D        | Noticed a fire elemental
   971 | D        | Noticed a fire elemental
   972 | D        | Killed a deep elf pyromancer
   972 | D        | Reached ***** piety under Trog
  1015 | D        | Noticed a shadow
  1019 | D        | Killed a shadow
  1020 | D        | Reached XP level 8. HP: 85/85 MP: 7/7
  1045 | D        | Found a blossoming altar of Fedhas.
  1045 | D        | Found a stormy altar of Qazlal.
  1045 | D        | Found a snail-covered altar of Cheibriados.
  1045 | D        | Found a burning altar of Makhleb.
  1045 | D        | Found a shimmering altar of Xom.
  1046 | D        | Found a hazy altar of Hepliaklqana.
  1046 | D        | Found an opulent altar of Gozag.
  1046 | D        | Found a sparkling altar of Nemelex Xobeh.
  1046 | D        | Found a corrupted altar of Lugonu.
  1046 | D        | Found a viscous altar of Jiyva.
  1296 | D        | Noticed a two-headed ogre
  1314 | D        | Killed a two-headed ogre
  1323 | D        | Reached skill level 10 in Armour
  1465 | D        | Noticed a two-headed ogre
  1465 | D        | Noticed Erolcha
  1476 | D        | Killed Erolcha
  1477 | D        | Reached XP level 9. HP: 96/96 MP: 8/8
  1479 | D        | Killed a two-headed ogre
  1479 | D        | Reached ****** piety under Trog
  1480 | D        | Reached skill level 15 in Fighting
  1480 | D        | Reached skill level 15 in Axes
  1480 | D        | Reached skill level 10 in Dodging
  1612 | D        | Slain by a redback

Illustrated notes

Levels and vault maps discovered:
D:        dungeon_sprint_mu [sprint_mu_entry_cave, sprint_mu_temple_rooms,
          sprint_mu_d1_spiders, sprint_mu_d2_genie, sprint_mu_d3_branching,
          sprint_mu_orc_legion, sprint_mu_elf_gauntlet, sprint_mu_hive_nellie,
          sprint_mu_lair_fedhas, sprint_mu_vaults_butterflies,
          sprint_mu_slime_circle, sprint_mu_swamp_cave, sprint_mu_snake_twists,
          sprint_mu_blade_basic, sprint_mu_crypt_fortress,
          sprint_mu_tomb_spiral, sprint_mu_vestibule_basic,
          sprint_mu_gehenna_hellfire, sprint_mu_dis_giant,
          sprint_mu_tartarus_statrot, sprint_mu_cocytus_islands, sprint_mu_zot1]

Skill      XL: |  1  2  3  4  5  6  7  8  9 |
---------------+----------------------------+-----
Fighting       | 5 6 8 9 11 12 14 15 | 15.2
Axes           | 5 6 8 9 11 12 14 15 | 15.3
Armour         | 3 4 5 6 7 9 10 11 | 11.0
Dodging        | 3 4 5 6 7 8 9 10 | 10.0

Action                   |  1- 3 |  4- 6 |  7- 9 || total
-------------------------+-------+-------+-------++-------
Melee: Hand axe          |    27 |    35 |    68 ||   130
       Unarmed           |     6 |       |       ||     6
       Headbutt          |     4 |     9 |    18 ||    31
       Punch             |       |       |     5 ||     5
Invok: Berserk           |     1 |     3 |     4 ||     8
       Trog's Hand       |       |     1 |     1 ||     2
  Use: Potion            |       |     1 |       ||     1
Armor: Animal skin       |     1 |     4 |     1 ||     6
Dodge: Dodged            |    20 |    24 |    32 ||    76
